[Event "January 9 Early 2024"]
[Site "https://www.chess.com"]
[Date "2024.01.11"]
[Round "6"]
[White "Cuenca Jimenez, Jose Fernando"]
[Black "Mesquita, Eduardo Barbosa"]
[Result "1-0"]
[Board "176"]
[TimeControl "180+1"]
[WhiteFideId "2255570"]
[BlackFideId "22757163"]
[WhiteElo "2687"]
[BlackElo "2441"]
[WhiteTeam "ESP"]
[BlackTeam "BRA"]
[WhiteClock "0:00:20"]
[BlackClock "0:00:02"]

1. d4 d5 2. Bf4 Nf6 3. e3 e6 4. Nf3 c5 5. c3 Nbd7 6. Nbd2 Be7 7. Bd3 O-O 8. Ne5 Nb6 9. g4 Nfd7 10. Bg3 f6 11. Nxd7 Bxd7 12. Qc2 h6 13. Nf3 e5 14. Bh7+ Kh8 15. Nh4 e4 16. Bf5 Be8 17. dxc5 Bxc5 18. Ng6+ Bxg6 19. Bxg6 Rc8 20. Rd1 Bd6 21. Kf1 Rc4 22. b3 Rc6 23. c4 Qe7 24. Qb1 dxc4 25. Bxe4 Bxg3 26. Bxc6 Bxf2 27. Kxf2 bxc6 28. Qf5 Nd5 29. Rhe1 c3 30. e4 Qc5+ 31. Kg3 c2 32. Rc1 Qc3+ 33. Qf3 Qe5+ 34. Kg2 Nf4+ 35. Kh1 Ne6 36. Qf5 Qxf5 37. exf5 Nd4 38. Re4 c5 39. b4 Rb8 40. bxc5 Rb1 41. Ree1 Ne2 42. Rxb1 cxb1=Q 43. Rxb1 Nd4 44. Rd1 Nc6 45. Rd6 1-0

[Event "January 9 Early 2024"]
[Site "https://www.chess.com"]
[Date "2024.01.11"]
[Round "6"]
[White "Stojanovski, Sandi"]
[Black "Korol, Dimitry"]
[Result "1/2-1/2"]
[Board "177"]
[TimeControl "180+1"]
[WhiteFideId "1403249"]
[BlackFideId "14108003"]
[WhiteElo "2553"]
[BlackElo "2355"]
[WhiteTeam "DEN"]
[BlackTeam "UKR"]
[WhiteClock "0:00:18"]
[BlackClock "0:00:02"]

1. d3 c5 2. Nf3 g6 3. g3 Bg7 4. Bg2 Nc6 5. O-O e5 6. c4 Nge7 7. Nc3 d6 8. Rb1 O-O 9. a3 a5 10. b3 h6 11. Bb2 f5 12. e3 Kh7 13. d4 e4 14. Ne1 cxd4 15. exd4 Nxd4 16. Nd5 Nxd5 17. cxd5 Qb6 18. Nc2 Nxc2 19. Qxc2 Bd7 20. Bxg7 Kxg7 21. h4 Rac8 22. Qb2+ Kf7 23. h5 g5 24. Rfc1 Rfe8 25. Rc4 Rxc4 26. bxc4 Qxb2 27. Rxb2 Rb8 28. g4 b6 29. gxf5 Bxf5 30. Re2 Re8 31. Rb2 Rb8 32. Kf1 Kf6 33. Ke2 Ke5 34. Ke3 Rb7 35. Rb3 Rc7 36. Bf1 Rb7 37. Rb2 Bh7 38. Be2 Bf5 39. Rb1 Bh7 40. Bg4 Bf5 41. Be2 Bh7 42. Rb2 Bf5 43. Bd1 Bh7 44. Ba4 Rb8 45. Bd1 Bf5 46. Be2 Rb7 1/2-1/2

[Event "January 9 Early 2024"]
[Site "https://www.chess.com"]
[Date "2024.01.11"]
[Round "6"]
[White "Kashefi, Amir Hosein"]
[Black "Filali, Razzouki Marouane"]
[Result "0-1"]
[Board "178"]
[TimeControl "180+1"]
[WhiteFideId "12557935"]
[BlackFideId "9003720"]
[WhiteElo "2592"]
[BlackElo "2439"]
[WhiteTeam "IRI"]
[BlackTeam "MAR"]
[WhiteClock "0:00:01"]
[BlackClock "0:00:20"]

1. c4 g6 2. g3 Bg7 3. Bg2 e6 4. Nf3 Ne7 5. O-O O-O 6. Nc3 d5 7. Rb1 c5 8. cxd5 Nxd5 9. d4 cxd4 10. Nxd4 Nc6 11. Nxd5 Nxd4 12. Nc3 a6 13. Be3 Nf5 14. Bc5 Re8 15. Ne4 Bd7 16. Qb3 Bc6 17. Bb6 Qe7 18. Rfd1 Bd5 19. Qa4 Bc6 20. Qa5 Bd5 21. Rbc1 Rac8 22. b3 h5 23. h4 Bb2 24. Rxc8 Rxc8 25. Nc5 Bxg2 26. Kxg2 Kh7 27. e4 Nxh4+ 28. gxh4 Qxh4 29. Rd3 Be5 30. Qd2 Qh2+ 31. Kf1 Qh1+ 32. Ke2 Qg2 33. Rf3 Qg4 34. Qd7 Rf8 35. Qe7 Kg8 36. Nd7 Qxe4+ 37. Re3 Qc2+ 38. Kf1 Qd1+ 39. Re1 Qd3+ 40. Kg1 Bd6 41. Qg5 Bh2+ 42. Kxh2 Qxd7 0-1

[Event "January 9 Early 2024"]
[Site "https://www.chess.com"]
[Date "2024.01.11"]
[Round "6"]
[White "Salem, A.R. Saleh"]
[Black "Zhu, Hengyi"]
[Result "1-0"]
[Board "179"]
[TimeControl "180+1"]
[WhiteFideId "9301348"]
[BlackFideId "8611211"]
[WhiteElo "2984"]
[BlackElo "2774"]
[WhiteTeam "UAE"]
[BlackTeam "CHN"]
[WhiteClock "0:00:20"]
[BlackClock "0:00:18"]

1. d4 Nf6 2. c4 e6 3. Nc3 Bb4 4. e3 O-O 5. Bd3 d5 6. Nf3 c5 7. O-O dxc4 8. Bxc4 Nc6 9. a3 Ba5 10. Qd3 a6 11. dxc5 Qxd3 12. Bxd3 Bxc3 13. bxc3 Nd7 14. a4 Nxc5 15. Bc2 Na5 16. Ba3 b6 17. Ng5 f5 18. Rab1 Nc4 19. Bxc5 bxc5 20. Rfd1 Na3 21. Rb2 Nxc2 22. Rxc2 h6 23. Nf3 Bb7 24. Ne5 Rfd8 25. Rcd2 Rxd2 26. Rxd2 a5 27. f3 Ra6 28. h4 h5 29. Kf2 Kh7 30. Kg3 Bc6 31. Rd6 Bb7 32. Rd8 Bc6 33. Rd6 Bb7 34. Rxa6 Bxa6 35. Nd7 c4 36. Nc5 Bc8 37. Kf4 Kg6 38. Ke5 Kf7 39. Kd6 Kf6 40. f4 Kf7 41. Kc7 e5 42. Kxc8 g5 43. hxg5 1-0

[Event "January 9 Early 2024"]
[Site "https://www.chess.com"]
[Date "2024.01.11"]
[Round "6"]
[White "Abdulrahman Mohammad, Al Taher"]
[Black "Hercegovac, Neven"]
[Result "1-0"]
[Board "180"]
[TimeControl "180+1"]
[WhiteFideId "9310258"]
[BlackFideId "2839135"]
[WhiteElo "2239"]
[BlackElo "2331"]
[WhiteTeam "UAE"]
[BlackTeam "ITA"]
[WhiteClock "0:00:07"]
[BlackClock "0:00:33"]

1. d4 d5 2. Nf3 Nf6 3. c4 c6 4. Nc3 e6 5. e3 Nbd7 6. Qc2 b6 7. b3 Bb7 8. Bb2 Rc8 9. Be2 Bd6 10. O-O O-O 11. Rad1 c5 12. cxd5 cxd4 13. Nxd4 Nxd5 14. Qd3 N7f6 15. Nxd5 Bxd5 16. Rc1 Qd7 17. Nb5 Be7 18. Bxf6 Bxf6 19. e4 a6 20. exd5 axb5 21. dxe6 Qxd3 22. exf7+ Kxf7 23. Bxd3 Rxc1 24. Rxc1 b4 25. Rc7+ Ke6 26. Rc6+ Kd5 27. Rxb6 Bd4 28. Bc4+ Kc5 29. Rb5+ Kc6 30. Rd5 Bxf2+ 31. Kf1 Bg3+ 32. Ke2 Bxh2 33. Rh5 Bg3 34. Rxh7 Rf2+ 35. Ke3 Rxg2 36. Be2 Be5 37. Bf3+ Kc5 38. Bxg2 Bd4+ 39. Ke4 Bf6 40. Bf1 Bc3 41. Bc4 Bf6 42. Rh5+ Kd6 43. Rb5 Bc3 44. Ra5 Kc6 45. a3 bxa3 46. Rxa3 Kc5 47. Ra7 Kb4 48. Rb7+ Ka3 49. Kf5 1-0

[Event "January 9 Early 2024"]
[Site "https://www.chess.com"]
[Date "2024.01.11"]
[Round "6"]
[White "Bartel, Mateusz"]
[Black "Rojas Salas, Steven"]
[Result "1-0"]
[Board "181"]
[TimeControl "180+1"]
[WhiteFideId "1112635"]
[BlackFideId "3819434"]
[WhiteElo "2826"]
[BlackElo "2624"]
[WhiteTeam "POL"]
[BlackTeam "PER"]
[WhiteClock "0:00:30"]
[BlackClock "0:00:05"]

1. e4 c5 2. Nf3 e6 3. g3 d5 4. exd5 exd5 5. Bg2 Qe7+ 6. Qe2 Qxe2+ 7. Kxe2 Nc6 8. Re1 Be6 9. Kf1 Bd6 10. Ng5 Kd7 11. Nxe6 fxe6 12. d3 Nf6 13. c4 Nb4 14. Na3 Nxd3 15. Rd1 Nxc1 16. Raxc1 d4 17. b4 Rab8 18. Nc2 b6 19. b5 Ng4 20. h3 Ne5 21. Ne1 Rbf8 22. Nd3 Ng6 23. Ke2 Rf6 24. a4 Rhf8 25. Be4 h5 26. h4 Kc7 27. Rf1 Ne7 28. Ra1 Nf5 29. a5 bxa5 30. Rxa5 Nxg3+ 31. fxg3 Rxf1 32. Rxa7+ Kd8 33. Ra8+ Ke7 34. Ra7+ Kf6 35. Kxf1 Bxg3 36. Ke2 Bxh4 37. Nxc5 Rc8 38. Nd7+ Kg5 39. c5 Kf4 40. Kd3 Bd8 41. b6 Bxb6 42. cxb6 e5 43. Rc7 Rf8 44. b7 Rd8 45. b8=Q Rxb8 46. Nxb8 g5 47. Rf7+ Kg3 48. Nc6 g4 49. Nxe5 h4 50. Rg7 Kh2 51. Rxg4 h3 52. Nf3+ Kh1 53. Rg1# 1-0

[Event "January 9 Early 2024"]
[Site "https://www.chess.com"]
[Date "2024.01.11"]
[Round "6"]
[White "Garriga Cazorla, Pere"]
[Black "Dmitrenko, Viktor"]
[Result "1-0"]
[Board "182"]
[TimeControl "180+1"]
[WhiteFideId "32011601"]
[BlackFideId "14110270"]
[WhiteElo "2710"]
[BlackElo "2455"]
[WhiteTeam "ESP"]
[BlackTeam "UKR"]
[WhiteClock "0:00:08"]
[BlackClock "0:00:03"]

1. d4 e6 2. c4 Nf6 3. Nf3 d5 4. Nc3 a6 5. cxd5 exd5 6. Bg5 Be7 7. e3 Be6 8. Bd3 O-O 9. O-O c5 10. dxc5 Bxc5 11. Rc1 Be7 12. Nd4 Nc6 13. Nxc6 bxc6 14. Na4 Bd7 15. Nc5 h6 16. Bh4 a5 17. Qa4 Bxc5 18. Rxc5 Re8 19. Rfc1 g5 20. Bg3 Ne4 21. R5c2 h5 22. Bxe4 Rxe4 23. Qb3 Qe7 24. Bc7 d4 25. Bb6 Rb8 26. Bc5 Rxb3 27. Bxe7 Rb5 28. Bc5 dxe3 29. Bxe3 f6 30. h3 Reb4 31. Rd2 Be6 32. Rxc6 Kf7 33. b3 a4 34. Rc7+ Kg6 35. Rd6 Re5 36. Bd2 Rbe4 37. Bc3 Rd5 38. Rb6 axb3 39. axb3 Rd3 40. Rcc6 Kf7 41. b4 h4 42. b5 1-0

[Event "January 9 Early 2024"]
[Site "https://www.chess.com"]
[Date "2024.01.11"]
[Round "6"]
[White "Kazakouski, Valery"]
[Black "Goltseva, Ekaterina"]
[Result "1-0"]
[Board "183"]
[TimeControl "180+1"]
[WhiteFideId "13507443"]
[BlackFideId "24173770"]
[WhiteElo "2828"]
[BlackElo "2598"]
[WhiteTeam "LTU"]
[BlackTeam "RUS"]
[WhiteClock "0:00:29"]
[BlackClock "0:00:01"]

1. Nf3 Nf6 2. c4 e6 3. g3 d5 4. b3 d4 5. e3 c5 6. exd4 cxd4 7. Bg2 Nc6 8. O-O Bc5 9. d3 O-O 10. Bg5 h6 11. Bxf6 Qxf6 12. a3 a5 13. Nbd2 Qd8 14. Re1 Qe7 15. Qc1 e5 16. Ne4 Bf5 17. Nfd2 Kh8 18. Qb2 Bg6 19. Reb1 Bb6 20. g4 f5 21. gxf5 Rxf5 22. b4 axb4 23. axb4 Raf8 24. c5 Bc7 25. b5 Bd8 26. bxc6 bxc6 27. Qb7 Qh4 28. Qxc6 Kh7 29. Ra6 Bh5 30. Ng3 Rxf2 31. Qe4+ Qxe4 32. Ndxe4 Rxg2+ 33. Kxg2 Bf3+ 34. Kg1 h5 35. Ra8 h4 36. Rxd8 Rxd8 37. Ng5+ Kg6 38. Nxf3 hxg3 39. Nxe5+ Kf5 40. Nc4 gxh2+ 41. Kxh2 Ke6 42. c6 Rc8 43. Re1+ Kf6 44. Ne5 g5 45. Kg3 Kf5 46. Re4 Ke6 47. Nf3+ Kf5 48. Nxd4+ Kf6 49. Re6+ Kf7 50. Rd6 Ke7 51. Nf5+ Kf7 52. d4 Rc7 53. Rd7+ 1-0

[Event "January 9 Early 2024"]
[Site "https://www.chess.com"]
[Date "2024.01.11"]
[Round "6"]
[White "Eilenberg, Jonas"]
[Black "Parfenov, Viktor N."]
[Result "1-0"]
[Board "184"]
[TimeControl "180+1"]
[WhiteFideId "16204271"]
[BlackFideId "4165969"]
[WhiteElo "2398"]
[BlackElo "2507"]
[WhiteTeam "GER"]
[BlackTeam "RUS"]
[WhiteClock "0:00:08"]
[BlackClock "0:00:03"]

1. d4 d5 2. Nc3 Nf6 3. Bf4 c5 4. e3 cxd4 5. exd4 Bg4 6. f3 Bd7 7. Nb5 Bxb5 8. Bxb5+ Nc6 9. c3 e6 10. Ne2 Bd6 11. Qd2 O-O 12. Bg5 e5 13. dxe5 Bxe5 14. O-O-O Qb6 15. Bd3 d4 16. f4 dxc3 17. Nxc3 Bxc3 18. Qxc3 Nb4 19. Kb1 Rac8 20. Bc4 Ne4 21. Bxf7+ Kh8 22. Qh3 Rc2 23. Bb3 Nd2+ 24. Ka1 Nxb3+ 25. Qxb3 Rxg2 26. a3 Nc2+ 27. Ka2 Qxb3+ 28. Kxb3 Ne3 29. Rd7 h6 30. Bh4 Rxf4 31. Bg3 Rf3 32. Rxb7 Nd1+ 33. Ka2 Nc3+ 34. Ka1 Na4 35. Rc1 a5 36. Be5 Re3 37. Bd4 Rd3 38. Rc4 Rd1+ 39. Ka2 Rdd2 40. Rxa4 Rxh2 41. Bxg7+ Kh7 42. Be5+ 1-0

[Event "January 9 Early 2024"]
[Site "https://www.chess.com"]
[Date "2024.01.11"]
[Round "6"]
[White "Wojtaszek, Radoslaw"]
[Black "Svane, Frederik"]
[Result "1-0"]
[Board "185"]
[TimeControl "180+1"]
[WhiteFideId "1118358"]
[BlackFideId "12923044"]
[WhiteElo "2949"]
[BlackElo "2995"]
[WhiteTeam "POL"]
[BlackTeam "GER"]
[WhiteClock "0:00:12"]
[BlackClock "0:00:02"]

1. e4 e5 2. Nf3 Nc6 3. Bb5 a6 4. Ba4 Nf6 5. d3 Bc5 6. Bg5 b5 7. Bb3 d6 8. a4 Rb8 9. c3 h6 10. Bh4 O-O 11. Nbd2 Bb6 12. O-O Bg4 13. h3 Bh5 14. Re1 g5 15. Bg3 Qd7 16. Nf1 Ne7 17. d4 Ng6 18. Ne3 Kh8 19. Bc2 exd4 20. cxd4 Bxf3 21. Qxf3 Bxd4 22. Red1 Bxb2 23. Rab1 Bc3 24. Ng4 Nxe4 25. Bxe4 Bg7 26. Bc6 Qe6 27. Re1 Qc4 28. axb5 axb5 29. Ne3 Qc5 30. Rbc1 Ne5 31. Bxe5 Qxe5 32. Nd5 Qb2 33. Nxc7 b4 34. Be4 Qe5 35. Bb1 Qf6 36. Qd3 Qg6 37. Qb3 Qf6 38. Nd5 Qd4 39. Rcd1 Qc5 40. Qd3 f5 41. Ne7 Rf6 42. Nxf5 Rbf8 43. g4 b3 44. Qxb3 d5 45. Qxd5 Qc7 46. Qd7 1-0

[Event "January 9 Early 2024"]
[Site "https://www.chess.com"]
[Date "2024.01.11"]
[Round "6"]
[White "Sieciechowicz, Marcin"]
[Black "Aadit Bhatia"]
[Result "0-1"]
[Board "186"]
[TimeControl "180+1"]
[WhiteFideId "1130170"]
[BlackFideId "25088955"]
[WhiteElo "2671"]
[BlackElo "2459"]
[WhiteTeam "POL"]
[BlackTeam "IND"]
[WhiteClock "0:00:10"]
[BlackClock "0:00:11"]

1. d4 Nf6 2. Nc3 d5 3. Bf4 c5 4. e4 dxe4 5. dxc5 e6 6. Qxd8+ Kxd8 7. O-O-O+ Ke8 8. Nb5 Na6 9. Nd6+ Bxd6 10. Bxd6 Nb4 11. a3 Nc6 12. f3 Bd7 13. b4 a6 14. Nh3 exf3 15. gxf3 Ne7 16. Nf2 Bc6 17. Be2 Nf5 18. Rhg1 Nd5 19. Ne4 f6 20. Rd2 Kf7 21. c4 Nde7 22. Kb2 Rhd8 23. Ng3 Nh4 24. f4 Nf3 25. Bxf3 Bxf3 26. Rf1 Bc6 27. Rfd1 Ng6 28. f5 Nh4 29. fxe6+ Kxe6 30. Re1+ Kf7 31. Re7+ Kg6 32. Rd1 Rd7 33. Rg1 Rxe7 34. Bxe7 Kf7 35. Bd6 Nf3 36. Rd1 Re8 37. Kb3 Re3+ 38. Kb2 Ba4 39. Ra1 Rb3+ 40. Kc1 Rc3+ 41. Kb2 Rc2+ 42. Kb1 Nd2# 0-1

[Event "January 9 Early 2024"]
[Site "https://www.chess.com"]
[Date "2024.01.11"]
[Round "6"]
[White "Rustamov, Rustam"]
[Black "De Souza, Cristiano Gomes"]
[Result "1-0"]
[Board "187"]
[TimeControl "180+1"]
[WhiteFideId "13440110"]
[BlackFideId "2151758"]
[WhiteElo "2885"]
[BlackElo "2273"]
[WhiteTeam "AZE"]
[BlackTeam "BRA"]
[WhiteClock "0:00:55"]
[BlackClock "0:00:15"]

1. e4 c5 2. Nf3 d6 3. d4 cxd4 4. Nxd4 Nf6 5. Nc3 a6 6. Be2 e5 7. Nf5 Bxf5 8. exf5 d5 9. Bg5 d4 10. Bxf6 Qxf6 11. Nd5 Qd6 12. c4 Nc6 13. Bd3 Ne7 14. Qa4+ Qc6 15. Nc7+ Kd7 16. Qxc6+ Nxc6 17. Nxa8 Bb4+ 18. Ke2 Rxa8 19. a3 Be7 20. b4 Re8 21. Be4 g6 22. g4 Bg5 23. Rhb1 Kc7 24. a4 gxf5 25. gxf5 Bf4 26. a5 d3+ 27. Kxd3 Rd8+ 28. Bd5 Ne7 29. Ke4 Ng8 30. b5 Nf6+ 31. Kf3 Nxd5 32. cxd5 Rxd5 33. bxa6 bxa6 34. Ra3 Bxh2 35. Rc3+ Kd8 36. Rb8+ Ke7 37. Rc6 e4+ 38. Kxe4 Re5+ 39. Kd4 Rxf5 40. Rb7+ Kf8 41. Rxa6 Rxf2 42. Ra8+ Kg7 43. a6 Rd2+ 44. Kc3 Ra2 45. Raa7 Kg6 46. Kb3 Ra1 47. Ra8 Bg1 48. Rg8+ Kf6 49. Ra8 h5 50. Rb4 Be3 51. Ra4 Rb1+ 52. Kc2 Rc1+ 53. Kd3 Bg1 54. Rb8 Rc7 55. Rb7 Rxb7 56. axb7 Bh2 57. Ra8 Kg5 58. Ke2 h4 59. b8=Q Bxb8 60. Rxb8 f5 61. Kf2 Kg4 62. Kg2 h3+ 63. Kg1 f4 64. Rb3 f3 65. Kf2 h2 66. Rb1 Kh4 67. Rh1 Kh3 68. Kxf3 Kh4 69. Kg2 1-0

[Event "January 9 Early 2024"]
[Site "https://www.chess.com"]
[Date "2024.01.11"]
[Round "6"]
[White "Aukhatov, Roman"]
[Black "Wu, Derek"]
[Result "0-1"]
[Board "188"]
[TimeControl "180+1"]
[WhiteFideId "44150768"]
[BlackFideId "30914558"]
[WhiteElo "2425"]
[BlackElo "2663"]
[WhiteTeam "RUS"]
[BlackTeam "USA"]
[WhiteClock "0:00:03"]
[BlackClock "0:00:31"]

1. Nf3 d5 2. d4 Bf5 3. c4 e6 4. Qb3 Nc6 5. cxd5 Nb4 6. Na3 exd5 7. Bg5 f6 8. Bd2 a5 9. e3 c6 10. Be2 Bd6 11. O-O Ne7 12. Nh4 Be6 13. Nc2 a4 14. Qc3 Nxc2 15. Qxc2 O-O 16. Bd3 f5 17. b4 axb3 18. axb3 Qc7 19. Nf3 Rxa1 20. Rxa1 Bf7 21. h3 Bh5 22. Be2 f4 23. exf4 Bxf4 24. Bb4 Bd6 25. Bxd6 Qxd6 26. Ne5 Bxe2 27. Qxe2 Nf5 28. Qd2 c5 29. Nf3 c4 30. Ra5 b6 31. Rb5 Qc6 32. bxc4 dxc4 33. Re5 b5 34. Qc2 g6 35. Rc5 Nxd4 36. Rxc6 Nxc2 37. Rc5 Rb8 38. Ne5 Na3 39. Nd7 Rb7 40. Nf6+ Kg7 41. Ne4 b4 42. Nd6 b3 43. Nxb7 b2 44. Rc7+ Kh6 45. Nd6 b1=Q+ 46. Kh2 Qb8 0-1

[Event "January 9 Early 2024"]
[Site "https://www.chess.com"]
[Date "2024.01.11"]
[Round "6"]
[White "Le, Tuan Minh"]
[Black "So, Wesley"]
[Result "1-0"]
[Board "189"]
[TimeControl "180+1"]
[WhiteFideId "12401153"]
[BlackFideId "5202213"]
[WhiteElo "3020"]
[BlackElo "3058"]
[WhiteTeam "VIE"]
[BlackTeam "USA"]
[WhiteClock "0:00:09"]
[BlackClock "0:00:01"]

1. d4 d5 2. Nf3 Nf6 3. Bf4 c5 4. c3 Nc6 5. e3 Nh5 6. Be5 f6 7. Bg3 Qb6 8. Qc2 g6 9. Nbd2 Bf5 10. dxc5 Qxc5 11. Qb3 Nxg3 12. hxg3 e5 13. Nh4 O-O-O 14. Nxf5 gxf5 15. Bd3 f4 16. gxf4 exf4 17. exf4 d4 18. Ne4 Qa5 19. O-O-O f5 20. Ng5 dxc3 21. bxc3 Rd7 22. Bc2 Bd6 23. Rxd6 Rxd6 24. Nf7 Rdd8 25. Nxd8 Nxd8 26. Rh5 Qc5 27. Rxf5 Qxf2 28. Qd5 Nc6 29. Qe6+ Kb8 30. Qd6+ Ka8 31. Rf8+ Rxf8 32. Qxf8+ Nb8 33. f5 Qg1+ 34. Kb2 Qb6+ 35. Qb4 Qc7 36. g4 h6 37. Be4 Nd7 38. Qe7 Qb6+ 39. Qb4 Qc7 40. Qd4 a6 41. f6 Nc5 42. Bd5 1-0

[Event "January 9 Early 2024"]
[Site "https://www.chess.com"]
[Date "2024.01.11"]
[Round "6"]
[White "Sarana, Alexey"]
[Black "Alekseenko, Kirill"]
[Result "1-0"]
[Board "190"]
[TimeControl "180+1"]
[WhiteFideId "24133795"]
[BlackFideId "4135539"]
[WhiteElo "3072"]
[BlackElo "2924"]
[WhiteTeam "SRB"]
[BlackTeam "AUT"]
[WhiteClock "0:00:17"]
[BlackClock "0:00:01"]

1. d4 Nf6 2. c4 e6 3. Nc3 Bb4 4. e3 O-O 5. Bd3 d6 6. Ne2 e5 7. O-O c6 8. a3 Ba5 9. b4 Bc7 10. Bb2 Re8 11. d5 a5 12. Ng3 Na6 13. Qb3 Bd7 14. Rfd1 g6 15. Rac1 Qe7 16. Bf1 axb4 17. axb4 c5 18. b5 Nb4 19. Re1 h5 20. Rcd1 h4 21. Nge2 Bf5 22. e4 Nxe4 23. Nxe4 Bxe4 24. Rd2 Bf5 25. Red1 Qf8 26. f4 f6 27. Rc1 Qh6 28. Qf3 Nd3 29. Rcd1 Nxb2 30. Rxb2 Ra4 31. g4 hxg3 32. Nxg3 e4 33. Nxf5 gxf5 34. Rg2+ Kf7 35. Qg3 Ba5 36. Qb3 Rb4 37. Qa3 Bb6 38. Be2 Rh8 39. Rf1 Ke7 40. Kh1 Kd8 41. Rfg1 Kc7 42. Rg7+ Kb8 43. Rg8+ Rxg8 44. Rxg8+ Kc7 45. Qa8 Rb1+ 46. Kg2 Qh4 47. Qd8# 1-0

[Event "January 9 Early 2024"]
[Site "https://www.chess.com"]
[Date "2024.01.11"]
[Round "6"]
[White "Kotlyar, Kirill"]
[Black "Zhuk, Valeriy"]
[Result "0-1"]
[Board "191"]
[TimeControl "180+1"]
[WhiteFideId "24145599"]
[BlackFideId "24151254"]
[WhiteElo "2579"]
[BlackElo "2419"]
[WhiteTeam "RUS"]
[BlackTeam "RUS"]
[WhiteClock "0:00:17"]
[BlackClock "0:00:16"]

1. e4 c5 2. Nf3 e6 3. d4 cxd4 4. Nxd4 Nf6 5. Nc3 Nc6 6. Ndb5 Bb4 7. a3 Bxc3+ 8. Nxc3 d5 9. exd5 exd5 10. Bd3 O-O 11. O-O Bg4 12. f3 Qb6+ 13. Kh1 Bh5 14. Rb1 d4 15. Ne2 Bg6 16. Nf4 Rfe8 17. Nxg6 hxg6 18. Bg5 Nd5 19. Qd2 Ne3 20. Rfe1 Qc5 21. Bh4 g5 22. Bf2 f5 23. b4 Qb6 24. c4 f4 25. c5 Qc7 26. Qa2+ Qf7 27. Qb2 Rad8 28. Rbc1 Ne5 29. Bb5 Re7 30. Bxe3 fxe3 31. Rcd1 Qf4 32. Qb3+ Kh8 33. Be2 g4 34. fxg4 Nxg4 35. Bxg4 Qxg4 36. Qc4 Qe4 37. b5 e2 38. Rd2 d3 39. Qxe4 Rxe4 40. c6 bxc6 41. bxc6 Rc4 42. h4 Rxc6 43. Rexe2 Rc1+ 44. Kh2 dxe2 45. Rxd8+ Kh7 46. Re8 e1=Q 47. Rxe1 Rxe1 0-1

[Event "January 9 Early 2024"]
[Site "https://www.chess.com"]
[Date "2024.01.11"]
[Round "6"]
[White "Gopal, K.N."]
[Black "Santos Flores, Alberto"]
[Result "0-1"]
[Board "192"]
[TimeControl "180+1"]
[WhiteFideId "5001447"]
[BlackFideId "3601234"]
[WhiteElo "2233"]
[BlackElo "2506"]
[WhiteTeam "IND"]
[BlackTeam "ECU"]
[WhiteClock "0:00:02"]
[BlackClock "0:00:42"]

1. e4 e6 2. d4 d5 3. e5 c5 4. c3 Qb6 5. Nf3 Nc6 6. Bd3 cxd4 7. cxd4 Bd7 8. O-O Nxd4 9. Nxd4 Qxd4 10. Nc3 a6 11. Be3 Qxe5 12. Re1 Nf6 13. g3 Qb8 14. Bd4 Be7 15. Be5 Qd8 16. a3 O-O 17. b4 Rc8 18. Rc1 Bc6 19. Ne2 Bd6 20. f4 Bxe5 21. fxe5 Ne4 22. Kg2 Qb6 23. Bxe4 dxe4 24. Qd4 Qxd4 25. Nxd4 Bd5 26. Kf2 f5 27. Ke3 Kf7 28. Red1 Ke7 29. Rxc8 Rxc8 30. Nxf5+ exf5 31. Rxd5 Rc3+ 32. Ke2 Rxa3 33. Rc5 Rd3 34. Rc7+ Rd7 35. Rc5 Ke6 36. b5 Rd5 37. Rc7 Rxb5 38. Rxg7 a5 39. Rxh7 a4 40. Rh8 a3 41. Ra8 Rb3 42. h4 b5 43. h5 b4 44. h6 Rxg3 45. h7 Rh3 46. h8=Q Rxh8 47. Rxh8 a2 48. Ra8 b3 49. Kd2 b2 0-1

[Event "January 9 Early 2024"]
[Site "https://www.chess.com"]
[Date "2024.01.11"]
[Round "6"]
[White "Pappelis, Dimitrios"]
[Black "Delgado Kuffo, Andres"]
[Result "1-0"]
[Board "193"]
[TimeControl "180+1"]
[WhiteFideId "4215281"]
[BlackFideId "3600475"]
[WhiteElo "2186"]
[BlackElo "2301"]
[WhiteTeam "GRE"]
[BlackTeam "ECU"]
[WhiteClock "0:00:33"]
[BlackClock "0:00:04"]

1. Nf3 d5 2. e3 Nf6 3. c4 c6 4. b3 Bf5 5. Bb2 e6 6. d3 Bb4+ 7. Nc3 Qa5 8. Rc1 Qxa2 9. Qd2 Qa5 10. Be2 dxc4 11. bxc4 Na6 12. O-O Rd8 13. Nd4 Bg6 14. Qc2 e5 15. Nb3 Qc7 16. Ne4 Bxe4 17. dxe4 O-O 18. c5 Nxc5 19. Nxc5 Rd2 20. Qb3 Bxc5 21. Rxc5 Rxe2 22. Rxe5 Qb6 23. Qxb6 axb6 24. Ba3 c5 25. Rb1 Nd7 26. Rd5 Ra2 27. Rxd7 Rxa3 28. Rxb7 c4 29. R7xb6 Rc8 30. Rb8 Ra8 31. Rxa8 Rxa8 32. Kf1 g5 33. Rc1 Rc8 34. Ke2 g4 35. f4 gxf3+ 36. gxf3 Kg7 37. e5 Kg6 38. e4 Kg5 39. Ke3 h5 40. f4+ Kg4 41. f5 h4 42. Rc2 Kh3 43. Kf4 Rc5 44. e6 fxe6 45. fxe6 Rc7 46. Ke5 Kg4 47. Kd6 Ra7 48. e7 Rxe7 49. Kxe7 Kf4 50. Rxc4 Ke5 51. Ra4 1-0

[Event "January 9 Early 2024"]
[Site "https://www.chess.com"]
[Date "2024.01.11"]
[Round "6"]
[White "Subramanian, Anusha"]
[Black "Recuero Guerra, Javier"]
[Result "0-1"]
[Board "194"]
[TimeControl "180+1"]
[WhiteFideId "477710"]
[BlackFideId "2254085"]
[WhiteElo "2103"]
[BlackElo "2304"]
[WhiteTeam "ENG"]
[BlackTeam "ESP"]
[WhiteClock "0:00:01"]
[BlackClock "0:00:02"]

1. e4 c5 2. Nf3 e6 3. d4 cxd4 4. Nxd4 Bc5 5. Nb3 Bb6 6. Nc3 Ne7 7. f3 O-O 8. Bf4 f5 9. Qd2 Nbc6 10. O-O-O fxe4 11. Nxe4 Nd5 12. Bg5 Qe8 13. Nd6 Qg6 14. Bd3 Qxg5 15. Qxg5 Be3+ 16. Qxe3 Nxe3 17. Rd2 Ne7 18. Re2 N3f5 19. Bxf5 Nxf5 20. Rd2 Nxd6 21. Rxd6 b6 22. Rhd1 Kf7 23. R1d4 Ke7 24. Nd2 Rd8 25. Ne4 Bb7 26. Kd2 Bc6 27. c3 Rf8 28. Ng5 Rf6 29. Nxh7 Rg6 30. h4 Rxg2+ 31. Ke3 Rh8 32. Ng5 Rxh4 33. Rxh4 Kxd6 34. Ne4+ Bxe4 35. Rxe4 Rxb2 36. a4 a5 37. Rg4 Ra2 38. Kd3 Kc6 39. Rf4 g5 40. Rg4 Ra3 41. Rxg5 Rxa4 0-1

[Event "January 9 Early 2024"]
[Site "https://www.chess.com"]
[Date "2024.01.11"]
[Round "6"]
[White "Svane, Rasmus"]
[Black "Livaic, Leon"]
[Result "1-0"]
[Board "195"]
[TimeControl "180+1"]
[WhiteFideId "4657101"]
[BlackFideId "14531534"]
[WhiteElo "3028"]
[BlackElo "2922"]
[WhiteTeam "GER"]
[BlackTeam "CRO"]
[WhiteClock "0:00:07"]
[BlackClock "0:00:01"]

1. Nf3 g6 2. e4 c5 3. d4 cxd4 4. Nxd4 Bg7 5. c4 Nc6 6. Be3 Nf6 7. Nc3 d6 8. Be2 O-O 9. O-O Nxd4 10. Bxd4 Bd7 11. Qd3 Bc6 12. b4 b6 13. Rfd1 Rc8 14. h3 Nd7 15. Bxg7 Kxg7 16. Bg4 Ne5 17. Qd4 Bd7 18. Be2 f6 19. Nd5 g5 20. Rac1 Qe8 21. Ne3 h5 22. c5 bxc5 23. bxc5 dxc5 24. Rxc5 Rxc5 25. Qxc5 h4 26. Qxa7 Be6 27. Bg4 Nxg4 28. hxg4 Rf7 29. Qa6 Bc8 30. Qc4 e5 31. a4 Be6 32. Nf5+ Bxf5 33. exf5 Qa8 34. Ra1 Qa5 35. Rb1 Rc7 36. Qb5 Qd2 37. Qb2 Qf4 38. Qb6 Rd7 39. Qc6 Rf7 40. Rb7 Rxb7 41. Qxb7+ Kh6 42. Qc6 Qxg4 43. Qxf6+ Kh7 44. Qg6+ Kh8 45. f6 Qd7 46. Qxg5 Qd1+ 47. Kh2 1-0

[Event "January 9 Early 2024"]
[Site "https://www.chess.com"]
[Date "2024.01.11"]
[Round "6"]
[White "Ozates, Tuna"]
[Black "Zhigalko, Sergei"]
[Result "0-1"]
[Board "196"]
[TimeControl "180+1"]
[WhiteFideId "6354521"]
[BlackFideId "13502956"]
[WhiteElo "2672"]
[BlackElo "2917"]
[WhiteTeam "TUR"]
[BlackTeam "BLR"]
[WhiteClock "0:00:03"]
[BlackClock "0:00:03"]

1. e4 c5 2. Nf3 Nc6 3. Bb5 Nf6 4. Nc3 Qc7 5. O-O Nd4 6. h3 a6 7. Bc4 e6 8. a4 Be7 9. d3 O-O 10. Nxd4 cxd4 11. Ne2 Nxe4 12. Nxd4 Nf6 13. a5 d5 14. Bb3 e5 15. Nf3 h6 16. Re1 Bd6 17. c4 e4 18. dxe4 dxe4 19. Nd4 Rd8 20. Be3 Bb4 21. Re2 Bxa5 22. c5 Bf5 23. Bxf7+ Qxf7 24. Rxa5 Rd5 25. Qb3 Rad8 26. Ra4 Kh7 27. Re1 Bc8 28. Qc2 Qg6 29. c6 Bxh3 30. g3 bxc6 31. Nxc6 Qh5 32. Rxe4 Nxe4 33. Qxe4+ Bf5 34. Qb4 Rd1 35. Nxd8 Rxe1+ 36. Qxe1 Be4 37. Kf1 Bd3+ 38. Kg1 Be4 39. Kf1 Bf3 40. Qb1+ Kh8 41. Nf7+ Kg8 42. Nxh6+ gxh6 43. Qa2+ Bd5 44. Qa3 Qd1# 0-1